 Dungeon Crawl Stone Soup version 0.27.0-1-g7a089689b8 (webtiles) character file.

Game seed: 13613912908633495327

113605 garrulousMonolith the Bludgeoner (level 16, -1/107 HPs)
             Began as a Gargoyle Fighter on Aug 13, 2021.
             Was a High Priest of Okawaru.
             Slain by a naga warrior (27 damage)
             ... on level 3 of the Snake Pit.
             The game lasted 00:37:27 (25922 turns).

garrulousMonolith the Bludgeoner (GrFi)            Turns: 25922, Time: 00:37:27

Health: -1/107     AC: 48    Str: 26      XL:     16   Next: 63%
Magic:  21/23      EV:  5    Int: 13 (14) God:    Okawaru [*****.]
Gold:   2055       SH: 16    Dex: 10      Spells: 15/15 levels left

rFire    + . .     SeeInvis +   b - +5 broad axe (elec)
rCold    + + .     Faith    .   T - +0 kite shield {AC+3}
rNeg     + . .     Spirit   .   X - +1 gold dragon scales
rPois    ∞         Reflect  .   Z - +0 helmet {SInv}
rElec    +         Harm     .   K - +0 cloak of Morality {rPois Str+2}
rCorr    .         Rampage  .   l - +0 pair of gloves {Str+3}
Will     ++...                  E - +2 pair of boots
Stlth    ..........             a - amulet of regeneration
HPRegen  1.27/turn              i - ring of protection from cold
MPRegen  0.18/turn              p - ring of willpower

@: heroic, flying, constricted
A: sickness immunity, AC +12, big wings, negative energy resistance 1,
electricity resistance, torment resistance 1, petrification resistance,
deterioration 1
a: Renounce Religion, Heroism, Finesse


You were on level 3 of the Snake Pit.
You worshipped Okawaru.
Okawaru was extremely pleased with you.
You visited 5 branches of the dungeon, and saw 27 of its levels.
You also visited: Bailey.

You collected 3939 gold pieces.
You spent 1884 gold pieces at shops.

Inventory:

Hand Weapons
 b - a +5 broad axe of electrocution (weapon)
 q - a +0 hand crossbow
 x - the +9 eveningstar of Vengeance {venom, *Slow rElec rPois Will-}
   (You found it on level 14 of the Dungeon)

   It poisons the flesh of those it strikes.
   rElec:     It insulates you from electricity.
   rPois:     It protects you from poison.
   *Slow:     It may slow you when you take damage.
   Will:      It decreases your willpower.
 S - a +6 eveningstar
Missiles
 f - 2 throwing nets
 r - 195 bolts
 D - 90 poisoned darts
 G - 88 boomerangs (quivered)
Armour
 l - a +0 pair of gloves of strength (worn)
 E - a +2 pair of boots (worn)
 K - the +0 cloak of Morality (worn) {rPois Str+2}
   (Okawaru gifted it to you on level 6 of the Lair of Beasts)

   Str:       It affects your strength (+2).
   rPois:     It protects you from poison.
 T - a +0 kite shield of protection (worn)
 X - +1 gold dragon scales (worn)
 Z - a +0 helmet of see invisible (worn)
Jewellery
 a - an amulet of regeneration (around neck)
 e - a ring of ice
 g - a +4 ring of protection
 i - a ring of protection from cold (left hand)
 m - the ring "Zevosake" {Wiz Dex+2}
   (You took it off a kobold in a bailey)

   [ring of wizardry]

   It improves your spell success rate.
   Dex:       It affects your dexterity (+2).
 p - a ring of willpower (right hand)
 M - a ring of see invisible
 N - a +4 ring of evasion
Wands
 o - a wand of flame (65)
 t - a wand of iceblast (52)
 w - a wand of acid (17)
 C - a wand of digging (6)
 H - a wand of paralysis (15)
 R - a wand of mindburst (54)
 V - a wand of charming (24)
Scrolls
 n - 5 scrolls of amnesia
 s - a scroll of summoning
 v - 10 scrolls of teleportation
 y - 2 scrolls of magic mapping
 I - a scroll of blinking
 O - 6 scrolls of fear
 U - 2 scrolls of fog
 W - a scroll of silence
Potions
 c - a potion of mutation
 d - 2 potions of magic
 h - 2 potions of cancellation
 j - 3 potions of invisibility
 k - a potion of ambrosia {unknown}
 u - 3 potions of curing
 z - 4 potions of haste
 A - 5 potions of brilliance
 B - a potion of might
 F - a potion of resistance
 J - 4 potions of attraction
 P - 3 potions of lignification
Miscellaneous
 L - a condenser vane
 Q - a box of beasts
 Y - a phantom mirror


   Skills:
 + Level 14.3(19.3) Fighting
 - Level 16.0(21.0) Maces & Flails
 + Level 14.4(19.4) Armour
 + Level 14.4(19.4) Shields
 - Level 10.0 Invocations


You had 15 spell levels left.
You didn't know any spells.
Your spell library contained the following spells:

 Spells                   Type           Power      Damage    Failure   Level
 Pain                     Necr           0%         1d4       99%         1
 Shock                    Conj/Air       0%         1d3       99%         1
 Blink                    Tloc           N/A        N/A       100%        2
 Call Imp                 Summ           0%         N/A       100%        2
 Corpse Rot               Necr/Air       N/A        N/A       100%        2
 Passwall                 Tmut/Erth      0%         N/A       100%        2
 Conjure Flame            Conj/Fire      0%         6-21      100%        3
 Ignite Poison            Fire/Tmut/Pois 0%         N/A       100%        3
 Lesser Beckoning         Tloc           0%         N/A       100%        3
 Portal Projectile        Hex/Tloc       0%         N/A       100%        3
 Swiftness                Air            0%         N/A       100%        3
 Airstrike                Air            0%         N/A       100%        4
 Animate Armour           Summ/Erth      0%         N/A       100%        4
 Animate Dead             Necr           0%         N/A       100%        4
 Dispel Undead            Necr           0%         3d6       100%        4
 Sticky Flame             Conj/Fire      0%         2d3       100%        4
 Summon Lightning Spire   Summ/Air       0%         N/A       100%        4
 Agony                    Necr           0%         N/A       100%        5
 Blade Hands              Tmut           0%         N/A       100%        5
 Borgnjor's Vile Clutch   Necr/Erth      0%         N/A       100%        5
 Excruciating Wounds      Necr           0%         N/A       100%        5
 Lightning Bolt           Conj/Air       0%         1d11      100%        5
 Manifold Assault         Tloc           0%         N/A       100%        5
 Death Channel            Necr           0%         N/A       100%        6
 Invisibility             Hex            0%         N/A       100%        6
 Iron Shot                Conj/Erth      0%         9d1       100%        6
 Necromutation            Tmut/Necr      0%         N/A       100%        8
 Sublimation of Blood     Necr           Unusable   N/A       N/A         2

Dungeon Overview and Level Annotations

Branches:
Dungeon (15/15)            Temple (1/1) D:5            Lair (6/6) D:9
 Shoals (0/4) Lair:2        Snake (3/4) Lair:3        Slime (0/5) Lair:5
    Orc (2/2) D:10            Elf (0/3) Orc:2        Vaults (0/5) D:14
 Depths (0/5) D:15         Bailey (visited)

Altars:
Ashenzari
Cheibriados
Dithmenos
Elyvilon
Fedhas
Gozag
Hepliaklqana
Kikubaaqudgha
Makhleb
Nemelex Xobeh
Okawaru
Qazlal
Ru
Sif Muna
Trog
Uskayaw
Vehumet
Wu Jian
Xom
Yredelemnul
Zin
The Shining One
Beogh

Shops:
D:4 ?   D:10 *   D:15 :   Orc:2 ?([*=   Snake:1 [=(

Annotations:
D:3 1 runed translucent door, Crazy Yiuf
D:14 1 runed translucent door
Lair:3 exclusion: 3 oklob plants
Lair:5 1 runed translucent door, bronco's ghost, journeyman OgWz


Innate Abilities, Weirdness & Mutations

You are immune to sickness and miasma.
Your stone body is resilient. (AC +12)
You are immune to poison.
Your large and strong wings let you fly.
You resist negative energy. (rN+)
You are resistant to electric shocks. (rElec)
You are resistant to unholy torment.
You are immune to petrification.
Your body sometimes deteriorates upon taking damage.


Message History

You block the naga warrior's attack.
You hit the naga warrior.
The naga warrior is heavily wounded.
You slash the naga! You hit the naga warrior.
The naga hits you with a +0 dire flail.
The naga warrior hits you but does no damage.
The naga warrior constricts you.
The naga warrior hits you but does no damage.
The naga hits you with a +0 dire flail.
You gain the combat prowess of a mighty hero.
The naga warrior spits poison at you.
The splash of poison hits you but does no damage.
You resist. The naga warrior constricts you.
The naga warrior hits you but does no damage.
The naga hits you with a +0 dire flail!
You are too injured to fight recklessly!
You are too injured to fight recklessly!
You are too injured to fight recklessly!
You are too injured to fight recklessly!
Your gold dragon scales prevents you from hitting the naga warrior.
The naga warrior is moderately wounded.
You closely miss the naga. You slice the naga warrior!! You hit the naga.
You block the naga warrior's attack. The naga warrior constricts you.
The naga warrior completely misses you. The naga hits you but does no damage.
You slash the naga warrior!
The naga warrior is moderately wounded.
You hit the naga but do no damage. Lightning courses through the naga!
You slash the naga warrior! You slash the naga! You block the naga's attack.
The naga warrior hits you with a +0 halberd!!
* * * LOW HITPOINT WARNING * * *
The naga warrior constricts you. You block the naga warrior's attack.
You block the naga's attack.
You completely miss the naga warrior.
The naga warrior is moderately wounded.
You closely miss the naga. You hit the naga warrior. You hit the naga.
Lightning courses through the naga!!
You kill the naga!
Okawaru accepts your kill.
The naga warrior hits you with a +0 halberd!!
You die...

###. . ....# .>
....#### ...
......# ....##....#
. #.......# ##..
#......### ##.....
#....<...##)......
##...#....@N....#
.......#...)NN..###
......#####...###
...... ##### .....#
..... .....


You could see 2 naga warriors and a naga (strong).

Vanquished Creatures
  Frances (D:14)
  2 orc warlords (Orc:1)
  Aizul (Snake:2)
  Azrael (D:13)
  Snorg (D:13)
  A fire dragon (D:15)
  A great orb of eyes (D:14)
  Josephine (D:13)
  2 rakshasas
  3 boulder beetles
  2 catoblepae
  5 hydras
  An ice dragon (D:15)
  A death knight (D:15)
  2 anacondas (Snake:2)
  4 two-headed ogres
  5 tengu warriors
  3 death yaks (Lair:2)
  6 centaur warriors
  4 orc high priests
  2 fire crabs (Lair:6)
  A naga sharpshooter (Snake:2)
  Nergalle (Lair:3)
  4 skeletal warriors (D:12)
  A glowing orange brain (D:14)
  3 goliath frogs (Lair:6)
  Pikel (D:7)
  A deep elf pyromancer (D:15)
  A harpy (D:14)
  6 orc knights
  A wolf spider (D:14)
  4 manticores
  8 salamanders
  4 orc sorcerers
  A merfolk siren (Lair:2)
  11 elephants
  6 cyclopes
  12 black mambas
  Maurice (D:9)
  2 torpor snails (Lair:6)
  A gargoyle (D:12)
  28 cane toads
  2 naga magi (Snake:2)
  An unseen horror (shapeshifter) (D:15)
  A freezing wraith (D:14)
  An efreet (D:13)
  4 rime drakes
  11 komodo dragons
  A tengu conjurer (D:15)
  A queen bee (shapeshifter) (D:14)
  2 tyrant leeches (Lair:6)
  8 trolls
  A troll (shapeshifter) (D:14)
  4 polar bears
  22 blink frogs
  7 dream sheep (Lair:6)
  2 vampires
  A spriggan (shapeshifter) (D:13)
  A water elemental (D:13)
  2 centaur simulacra (D:14)
  52 yaks
  4 basilisks
  Eustachio (D:4)
  A human (shapeshifter) (D:14)
  5 wraiths (D:13)
  5 wyverns
  A human (D:10)
  4 fire elementals (D:13)
  4 steam dragons
  A basilisk (shapeshifter) (D:14)
  25 vampire mosquitoes
  2 wargs
  8 nagas
  Edmund (D:4)
  An acid dragon (D:14)
  4 hell hounds (D:13)
  15 water moccasins
  35 orc warriors
  A spectral hornet (D:13)
  A hornet zombie (D:6)
  6 black bears
  9 ogres
  An ogre (shapeshifter) (D:11)
  4 wolves (Lair:4)
  10 centaurs
  7 kobold brigands
  A gnoll sergeant (D:12)
  6 bullfrogs (Lair:6)
  2 scorpions
  A wyvern skeleton (D:5)
  A water moccasin zombie (D:5)
  5 killer bees (D:9)
  5 wights (D:8)
  8 howler monkeys
  3 centaur zombies
  5 bullfrog zombies (D:5)
  5 hounds
  A jelly (D:4)
  25 orc priests
  3 centaur skeletons
  A gnoll shaman (D:7)
  A bullfrog skeleton (D:4)
  3 iguanas
  Natasha (thrice) (D:2)
  32 orc wizards
  Terence (D:2)
  A scorpion zombie (D:5)
  A killer bee zombie (D:8)
  A hound skeleton (D:5)
  2 howler monkey skeletons (D:5)
  27 gnolls
  7 adders
  A shadow imp (D:6)
  A white imp (D:8)
  An adder skeleton (D:5)
  A worm (D:2)
  5 dart slugs
  90 orcs
  9 ball pythons
  4 endoplasms
  4 giant cockroaches
  12 goblins
  10 hobgoblins
  17 jackals
  50 kobolds
  4 bats
  2 frilled lizards
  6 rats
795 creatures vanquished.

Vanquished Creatures (others)
  A water elemental (D:13)
  An electric eel (D:13)
  An orc wizard (D:4)
  14 fungi
  110 plants
  A withered plant (D:5)
128 creatures vanquished.

Grand Total: 923 creatures vanquished

Notes
Turn   | Place    | Note
-------+----------+-------------------------------------------
     0 | D:1      | garrulousMonolith the Gargoyle Fighter began the quest for
                  | the Orb.
     0 | D:1      | Reached XP level 1. HP: 14/14 MP: 1/1
   111 | D:1      | Reached XP level 2. HP: 12/19 MP: 2/2
   550 | D:1      | Reached XP level 3. HP: 23/23 MP: 3/3
  1302 | D:2      | Found a sparkling altar of Nemelex Xobeh.
  1375 | D:2      | Reached skill level 3 in Maces & Flails
  1375 | D:2      | Reached XP level 4. HP: 21/29 MP: 4/4
  1703 | D:2      | Noticed Natasha
  1735 | D:2      | Killed Natasha
  1736 | D:2      | Reached XP level 5. HP: 25/33 MP: 5/5
  1772 | D:2      | Noticed Natasha
  1778 | D:2      | Killed Natasha
  1881 | D:2      | Noticed Terence
  1886 | D:2      | Killed Terence
  1980 | D:2      | Noticed a black bear
  2233 | D:3      | Found a blossoming altar of Fedhas.
  2471 | D:2      | Noticed Natasha
  2477 | D:2      | Killed Natasha
  2611 | D:2      | Killed a black bear
  2612 | D:2      | Reached skill level 4 in Maces & Flails
  2612 | D:2      | Reached XP level 6. HP: 20/39 MP: 6/6
  3230 | D:3      | Found a runed translucent door.
  3231 | D:3      | Noticed Crazy Yiuf
  3566 | D:4      | Found a sacrificial altar of Ru.
  3656 | D:4      | Reached XP level 7. HP: 36/44 MP: 7/7
  3779 | D:4      | Reached skill level 5 in Maces & Flails
  3828 | D:4      | Reached skill level 5 in Shields
  4082 | D:4      | Reached skill level 5 in Armour
  4299 | D:4      | Found Lagopix's Magic Scroll Boutique.
  4396 | D:4      | Reached skill level 5 in Fighting
  4526 | D:4      | Found a bloodstained altar of Trog.
  4626 | D:4      | Noticed Eustachio
  4650 | D:4      | Killed Eustachio
  4671 | D:4      | Bought a scroll of identify for 24 gold pieces
  4671 | D:4      | Bought a scroll of identify for 24 gold pieces
  4671 | D:4      | Bought a scroll of teleportation for 36 gold pieces
  4759 | D:4      | Reached XP level 8. HP: 43/49 MP: 8/8
  4803 | D:4      | Noticed Edmund
  4822 | D:4      | Killed Edmund
  4823 | D:4      | Reached skill level 6 in Maces & Flails
  5226 | D:5      | Entered Level 5 of the Dungeon
  5343 | D:5      | Identified the +4 plate armour "Nerab" {rC+ Dex+6}
  5632 | D:5      | Found a staircase to the Ecumenical Temple.
  5636 | D:5      | Reached skill level 7 in Maces & Flails
  5672 | Temple   | Entered the Ecumenical Temple
  5695 | Temple   | Became a worshipper of Warmaster Okawaru
  5741 | D:5      | Reached XP level 9. HP: 38/56 MP: 9/9
  5822 | D:5      | Reached skill level 1 in Invocations
  6017 | D:5      | Found a stormy altar of Qazlal.
  6157 | D:6      | Reached * piety under Okawaru
  6235 | D:6      | Found an ornate altar of the Wu Jian Council.
  6455 | D:6      | Reached skill level 8 in Maces & Flails
  6470 | D:6      | Noticed a skeletal warrior
  6471 | D:6      | Noticed a manticore
  6627 | D:6      | Found an opulent altar of Gozag.
  6704 | D:6      | Found a glowing silver altar of Zin.
  7013 | D:7      | Found a flagged portal.
  7028 | D:7      | Reached ** piety under Okawaru
  7029 | D:7      | Reached XP level 10. HP: 54/63 MP: 12/12
  7034 | Bailey   | Entered a bailey
  7053 | Bailey   | Noticed an orc knight
  7057 | Bailey   | Noticed an orc knight
  7141 | Bailey   | Killed an orc knight
  7160 | Bailey   | Identified the ring "Zevosake" {Wiz Dex+2}
  7168 | Bailey   | Paralysed by an orc warrior for 3 turns
  7183 | Bailey   | Reached skill level 9 in Maces & Flails
  7336 | Bailey   | Killed an orc knight
  7343 | Bailey   | Reached *** piety under Okawaru
  7751 | D:7      | Found a shadowy altar of Dithmenos.
  7853 | D:7      | Identified the +1 leather armour of Joawnai {rElec rN+
                  | SInv}
  7906 | D:7      | Noticed Pikel
  7930 | D:7      | Killed Pikel
  8426 | D:8      | Reached skill level 5 in Invocations
  8489 | D:8      | Reached **** piety under Okawaru
  8490 | D:8      | Reached skill level 10 in Maces & Flails
  8510 | D:8      | Noticed a two-headed ogre
  8521 | D:8      | Killed a two-headed ogre
  8522 | D:8      | Reached XP level 11. HP: 69/69 MP: 12/15
  8894 | D:8      | Found a sparkling altar of Nemelex Xobeh.
  9161 | D:9      | Noticed Maurice
  9173 | D:9      | Killed Maurice
  9307 | D:9      | Reached ***** piety under Okawaru
  9368 | D:9      | Found a staircase to the Lair.
  9539 | D:8      | Found a hide-covered altar of Uskayaw.
  9889 | D:9      | Noticed a two-headed ogre
  9895 | D:9      | Killed a two-headed ogre
 10025 | D:9      | Received a gift from Okawaru
 10072 | D:10     | Entered Level 10 of the Dungeon
 10123 | D:10     | Reached skill level 11 in Maces & Flails
 10495 | D:10     | Found a staircase to the Orcish Mines.
 10506 | D:10     | Found Isuamp's Lightly-Used Armoury.
 10521 | D:10     | Bought a -1 eveningstar for 140 gold pieces
 10650 | D:10     | Found a hazy altar of Hepliaklqana.
 10878 | D:10     | Identified a scroll of acquirement
 10878 | D:10     | Acquired 927 gold pieces
 11285 | D:11     | Reached XP level 12. HP: 74/76 MP: 17/17
 11488 | D:11     | Noticed a two-headed ogre
 11501 | D:11     | Killed a two-headed ogre
 12060 | Lair:1   | Entered Level 1 of the Lair of Beasts
 12308 | Lair:1   | Received a gift from Okawaru
 12500 | Lair:1   | Reached skill level 12 in Maces & Flails
 12505 | Lair:1   | Reached skill level 10 in Shields
 12518 | Lair:1   | Reached skill level 10 in Armour
 13105 | Lair:2   | Reached skill level 10 in Fighting
 13108 | Lair:2   | Identified the +9 plate armour "Laaptiynt" {Rampage rN+
                  | Str+4 Stlth+}
 13210 | Lair:2   | Noticed a death yak
 13210 | Lair:2   | Noticed a death yak
 13210 | Lair:2   | Noticed a death yak
 13224 | Lair:2   | Killed a death yak
 13235 | Lair:2   | Killed a death yak
 13246 | Lair:2   | Killed a death yak
 13413 | Lair:2   | Noticed a six-headed hydra
 13456 | Lair:2   | Killed a six-headed hydra
 13456 | Lair:2   | Received a gift from Okawaru
 13472 | Lair:2   | Reached XP level 13. HP: 81/83 MP: 19/19
 13478 | Lair:2   | Reached ****** piety under Okawaru
 13573 | Lair:2   | Received a gift from Okawaru
 13583 | Lair:2   | Found a staircase to the Shoals.
 14062 | Lair:3   | Found a staircase to the Snake Pit.
 14244 | Lair:3   | Reached skill level 13 in Maces & Flails
 14257 | Lair:3   | Received a gift from Okawaru
 14500 | Lair:3   | Noticed Nergalle
 14517 | Lair:3   | Killed Nergalle
 14755 | Lair:3   | You fall into a shaft and drop 1 floor!
 16039 | Lair:5   | Found a runed translucent door.
 16041 | Lair:5   | Noticed bronco's ghost (journeyman OgWz)
 16044 | Lair:5   | Identified the +8 trident of Hell's Wrath {speed, rElec
                  | Stlth+}
 16276 | Lair:5   | Found a staircase to the Slime Pits.
 16711 | Lair:6   | Entered Level 6 of the Lair of Beasts
 16806 | Lair:6   | Gained mutation: Your large and strong wings let you fly.
                  | [Gargoyle growth]
 16806 | Lair:6   | Reached XP level 14. HP: 81/90 MP: 19/21
 16815 | Lair:6   | Identified the +0 cloak of Morality {rPois Str+2} (Okawaru
                  | gifted it to you on level 6 of the Lair of Beasts)
 16815 | Lair:6   | Received a gift from Okawaru
 16992 | Lair:6   | Reached skill level 14 in Maces & Flails
 17309 | Lair:6   | Reached skill level 10 in Invocations
 17625 | Lair:6   | Received a gift from Okawaru
 18319 | Orc:1    | Entered Level 1 of the Orcish Mines
 18361 | Orc:1    | Found a burning altar of Makhleb.
 18591 | Orc:1    | Noticed an orc warlord
 18691 | Orc:1    | Killed an orc warlord
 18808 | Orc:2    | Entered Level 2 of the Orcish Mines
 18850 | Orc:2    | Received a gift from Okawaru
 18922 | Orc:2    | Found a staircase to the Elven Halls.
 19168 | Orc:1    | Reached skill level 15 in Maces & Flails
 19322 | Orc:2    | Noticed an orc warlord
 19334 | Orc:2    | Gained mutation: Your body sometimes deteriorates upon
                  | taking damage. [a neqoxec]
 19414 | Orc:1    | Reached XP level 15. HP: 44/95 MP: 19/22
 19669 | Orc:1    | Killed an orc warlord
 19950 | Orc:2    | Found Amoc's Antique Armour Shop.
 19951 | Orc:2    | Found Zemuo's Antique Weapon Shop.
 19953 | Orc:2    | Found Beme's General Store.
 19953 | Orc:2    | Found Ikhack's Jewellery Boutique.
 19958 | Orc:2    | Bought a scroll of enchant armour for 120 gold pieces
 19958 | Orc:2    | Bought a scroll of blinking for 120 gold pieces
 19958 | Orc:2    | Bought a scroll of teleportation for 48 gold pieces
 19968 | Orc:2    | Bought a runed cloak for 217 gold pieces
 20069 | Orc:2    | Found Qacsaffo's Magic Scroll Emporium.
 20072 | Orc:2    | Bought a scroll of enchant weapon for 105 gold pieces
 20163 | D:10     | Bought -1 gold dragon scales for 1050 gold pieces
 20791 | D:12     | Got the Incunabulum of Creative Evil Secrets
 20872 | D:12     | Found a hide-covered altar of Uskayaw.
 21148 | D:13     | Noticed Josephine
 21160 | D:13     | Killed Josephine
 21162 | D:13     | Received a gift from Okawaru
 21558 | D:13     | Noticed Azrael
 21579 | D:13     | Killed Azrael
 21597 | D:13     | Reached skill level 16 in Maces & Flails
 21664 | D:13     | Noticed Snorg
 21683 | D:13     | Killed Snorg
 21910 | D:14     | Noticed Frances
 21930 | D:14     | Killed Frances
 22110 | D:14     | Found a runed translucent door.
 22481 | D:14     | Reached XP level 16. HP: 91/104 MP: 23/23
 22489 | D:14     | Found a gate to the Vaults.
 22886 | D:14     | Received a gift from Okawaru
 22908 | D:14     | Identified the +9 eveningstar of Vengeance {venom, *Slow
                  | rElec rPois Will-}
 23001 | D:15     | Entered Level 15 of the Dungeon
 23044 | D:15     | Found Lotil's Book Emporium.
 23745 | D:15     | Found a staircase to the Depths.
 24184 | Snake:1  | Entered Level 1 of the Snake Pit
 24277 | Snake:1  | Found Joozioni's Armour Shop.
 24344 | Snake:1  | Found Hawiq's Antique Weapon Shop.
 24468 | Snake:1  | You are sucked into a shaft and drop 1 floor!
 24950 | Snake:1  | Found Hoer's Jewellery Shoppe.
 25579 | Snake:2  | Noticed Aizul
 25592 | Snake:2  | Killed Aizul
 25592 | Snake:2  | Received a gift from Okawaru
 25922 | Snake:3  | Slain by a naga warrior

Illustrated notes

Levels and vault maps discovered:
D:1:      dpeg_arrival_shrine, layout_basic, serial_rivers,
          chequers_serial_rivers_small_3, chequers_serial_rivers_large_a,
          chequers_serial_rivers_marsh, chequers_serial_rivers_small_b
D:2:      layout_loops_ring, basic_altar, uniq_terence, uniq_natasha
D:3:      layout_loops_corners, fedhas_altar_3, uniq_crazy_yiuf_cottage
D:4:      layout_basic, lightli_temple_of_fire,
          nicolae_ru_great_annihilating_truth, serial_shops,
          nicolae_shop_waterfront, minmay_misc_feat_five, serial_park_tiny_pond,
          chequers_mini_garden, minmay_quadrilaterals, uniq_eustachio,
          uniq_edmund
D:5:      layout_gridville, general_overflow_altar, temple_fountains,
          serial_undead, serial_undead_d, serial_undead_c, serial_undead_f,
          serial_undead_e, st_stairs_14
D:6:      layout_rooms, pdpol_temple_overflow_zin_treasury_gozag_greed,
          nzn_wu_jian_council_hall, minmay_misc_feat_hallway, kennysheep_path_1,
          hangedman_decor_points, lightli_corner_chamber
D:7:      layout_rooms, nicolae_dithmenos_through_a_glass_darkly,
          enter_bailey_5, eino_tiny_chamber, amcnicky_mini_rare_corridor_liquid,
          uniq_pikel
D:8:      layout_rooms, nemelex_altar_shiori, nicolae_overflow_hidden_temple,
          amcnicky_mini_pool_medium
D:9:      layout_small_grid, lair_entry_dummy, uniq_maurice
D:10:     layout_long_grid, lemuel_round_altar, erik_orc_4, minmay_shop_damaged
D:11:     layout_stronghold
D:12:     layout_big_octagon, gauntlet_entry_generic, corexii_checkpoint_a,
          dancing_weapons_uskayaw
D:13:     layout_cave_pools, serial_bayou_lagoon_a, hangedman_weighted_door,
          uniq_azrael, uniq_josephine, uniq_snorg
D:14:     minmay_the_grid_triangle_9x9_rhombus_thin
          [minmay_the_grid_triangle_9x9_subtriangle,
          minmay_the_grid_triangle_9x9_prize_schism,
          minmay_the_grid_triangle_9x9_sprig,
          minmay_the_grid_triangle_9x9_thin_v], layout_basic, david_vaults_2,
          patterned_corridor, uniq_frances
D:15:     grunt_enter_depths_hoard, layout_irregular_city, serial_shops,
          nicolae_shop_trees
Temple:   minmay_freezing_vapour_temple
Lair:1:   statuecave_lemuel, layout_loops_ring, lemuel_fruit_fields,
          grunt_megastairs_5, infiniplex_staircase_pool_2
Lair:2:   layout_regular_city, minmay_shoals_entry_lonely_mermaid,
          serial_bayou_shore_b, serial_bayou_shore_a
Lair:3:   layout_cave_pods, guppyfry_snake_entry_garden,
          minmay_lair_oklob_chamber, uniq_nergalle
Lair:4:   layout_concentric_octagons
Lair:5:   layout_regular_city, slime_dummy, ebering_ghost_funeral_grove,
          grunt_megastairs_4
Lair:6:   minmay_lair_end_frog_pond, layout_cave_pods, st_stairs_5,
          chequers_serial_rivers_micro_a, lemuel_fruit_tree
Snake:1:  layout_layer_cave, serial_shops, shop, nicolae_shop_waterfront,
          nicolae_shop_statue_plus, special_room, serial_bayou_shore_b
Snake:2:  layout_misc_corridors, uniq_aizul
Snake:3:  layout_misc_corridors, nicolae_large_snake_swirl
Orc:1:    cheibrodos_orc_arena, layout_diamond_mine, basic_altar
Orc:2:    st_orc_congregation, layout_caves, serial_shops,
          nicolae_shop_behind_doors, mines1_david

Skill      XL: |  1  2  3  4  5  6  7  8  9 10 11 12 13 14 15 16 |
---------------+-------------------------------------------------+-----
Maces & Flails | 3 4 5 7 8 10 11 12 13 15 16 | 16.0
Fighting       | 4 5 6 7 8 9 10 11 12 13 14 | 14.3
Armour         | 4 5 6 7 8 9 10 11 12 13 14 | 14.4
Shields        | 4 5 6 7 8 9 10 11 12 13 14 | 14.4
Invocations    | 3 5 6 8 9 10 | 10.0

Action                   |  1- 3 |  4- 6 |  7- 9 | 10-12 | 13-15 | 16-18 || total
-------------------------+-------+-------+-------+-------+-------+-------++-------
Melee: Flail             |   132 |   156 |   572 |   205 |       |       ||  1065
       Morningstar       |       |       |       |   600 |       |       ||   600
       Eveningstar       |       |       |       |   107 |   745 |       ||   852
       Broad axe         |       |       |       |       |   541 |   305 ||   846
 Fire: Hand crossbow     |       |       |       |    34 |       |       ||    34
Throw: Boomerang         |       |       |       |     6 |     3 |       ||     9
       Dart              |       |       |       |     1 |       |       ||     1
Invok: Heroism           |       |       |     4 |    17 |    28 |     9 ||    58
       Finesse           |       |       |       |       |     4 |     1 ||     5
Evoke: Wand              |       |       |     2 |    12 |     4 |       ||    18
       Condenser vane    |       |       |       |       |     2 |       ||     2
  Use: Potion            |     1 |       |       |     4 |     4 |       ||     9
       Scroll            |       |       |     7 |    12 |     7 |     7 ||    33
 Stab: Paralysed         |       |     1 |       |       |       |       ||     1
       Confused          |       |       |       |       |     4 |       ||     4
Armor: Scale mail        |    88 |    92 |    98 |       |       |       ||   278
       Plate armour      |       |       |   412 |   580 |   601 |       ||  1593
       Chain mail        |       |       |    25 |       |       |       ||    25
       Gold dragon scale |       |       |       |       |   394 |   221 ||   615
Dodge: Dodged            |    56 |    50 |   172 |   177 |   314 |    67 ||   836
Block: Kite shield       |    92 |    72 |   454 |   570 |  1098 |   216 ||  2502
